 Dungeon Sprint DCSS version 0.31-a0-1376-g36f0627844 (webtiles) character file.

Game seed: 10337723392608117506

263 Groucho the Unseen (level 5, -4/31 (42) HPs)
             Began as a Felid Berserker on Dec 24, 2023.
             Was a Follower of Trog.
             Slain by Sonja
             ... wielding a +0 short sword of draining
              (8 damage)
             ... in the Dungeon (Sprint I: "Red Sonja").
             The game lasted 00:02:05 (688 turns).

Groucho the Unseen (Felid Berserker)                 Turns: 688, Time: 00:02:06

HP:   -4/31 (42)    AC:  1    Str: 13    XL:     5   Next: 98%
MP:   6/6           EV: 18    Int: 11    God:    Trog [*.....]
Gold: 181           SH:  0    Dex: 17    Spells: 4/4 levels left
                                        Lives: 0   Deaths: 2

rFire   . .          .
                       - Unarmed
rCold   . . .        (shield unavailable)
rNeg    . . .        (body armour unavailable)
rPois   .            (helmet unavailable)
rElec   .            (cloak unavailable)
rCorr   .            (gloves unavailable)
SInv    +            (boots unavailable)
Will    ++...        (no amulet) Stlth
                     (no ring)
HPRegen 1.25/turn    (no ring)
MPRegen 0.10/turn

%: no teleportation
@: berserking, strong-willed, regenerating, hasted, very heavily drained, very
quick
A: very small, claws 1, fangs 3, see invisible, shaggy fur 1, stealthy paws, no
weapons or thrown items, no armour, multi-lived
a: Renounce Religion, Berserk


You were in the Dungeon.
You worshipped Trog.
Trog was aware of your devotion.
You visited 1 branch You collected 181 gold pieces.

Inventory:

Jewellery
 h - the ring "Ludwoch" {Fire Fly Int+4 Dex-4 Slay+4}
   (You found it in the Dungeon)

   [ring of fire]

   Fire:      It enhances your fire magic.
   Int+4:     It affects your intelligence (+4).
   Dex-4:     It affects your dexterity (-4).
   Slay+4:    It affects your accuracy & damage with ranged weapons and melee
   (+4).
   rF+:       It protects you from fire.
   rC-:       It makes you vulnerable to cold.
   Fly:       It grants you flight.
Wands
 g - a wand of paralysis (2)
Scrolls
 f - a scroll of blinking
Potions
 a - a potion of curing
 b - a potion of heal wounds
 d - 2 potions of magic
 e - a potion of berserk rage


   Skills:
 + Level 3.0 Fighting
 + Level 4.0 Dodging
 + Level 17.0 Stealth
 + Level 3.0 Unarmed Combat


You had 4 spell levels left.
You didn't know any spells.
Your spell library was empty.

Dungeon Overview and Level Annotations

Branches:
Dungeon (1/1)

Altars:
Sif Muna
Vehumet
Wu Jian

Annotations:
D Sonja


Innate Abilities, Weirdness & Mutations

You have sharp claws.
You have razor-sharp teeth.
You have supernaturally acute eyesight. (SInv)
You are covered in fur. (AC +1)
Your paws help you pounce on unaware monsters.
You are incapable of wielding weapons or throwing items.
You cannot wear armour.
You gain extra lives every three experience levels.


Message History

There is an open door here.
There is a shimmering blue altar of Sif Muna here.
You feel yourself speed up.
There is a shimmering blue altar of Sif Muna here. 2 ballistomycete spores come into view.
Found 162 gold pieces and 2 potions of curing.
Found a scale mail, 3 poisoned darts and a robe.
Sonja shouts!
The jelly quivers.
Your skin crawls.
You feel strong-willed.
You can no longer call upon Trog for regeneration and willpower.
A red film seems to cover your vision as you go berserk!
You feel yourself moving faster!
You feel mighty!
The ballistomycete spore waves its rhizomes.
Sonja hits you with a +0 short sword of draining!
You feel drained.
Sonja hits you with a +0 short sword of draining.
You feel drained.
Sonja hits you with a +0 short sword of draining.
You feel drained.
Unknown command.
Unknown command.
Unknown command.
You claw Sonja!
Sonja is heavily wounded.
Sonja hits you with a +0 short sword of draining.
You feel drained. Sonja closely misses you.
Sonja hits you with a +0 short sword of draining!
* * * LOW HITPOINT WARNING * * *
You feel drained.
You completely miss Sonja.
Sonja is heavily wounded.
Sonja hits you with a +0 short sword of draining.
* * * LOW HITPOINT WARNING * * *
You feel drained.
* * * LOW HITPOINT WARNING * * *
Sonja hits you with a +0 short sword of draining!
You die...
Sonja takes a bow.

#<.#..'÷.#.)'..#
#..').#..'..#÷.+
#..#####)#####'#
#..# #..#$$ #.#
#..# ####$$##.#
#..# #.#_.+ #⌠⌠#
+..._# ####
#_.#'# ##@#)#
#K### $*$ #$J$#
##.## #*# !$!
[[(


You could see Sonja, a jelly and 2 ballistomycete spores.

Vanquished Creatures
  Sigmund (D)
  An ogre (D)
  Ijyb (D)
3 creatures vanquished.

Notes
Turn   | Place    | Note
-------+----------+-------------------------------------------
     0 | D        | Groucho the Felid Berserker began the quest for the Orb.
     0 | D        | Reached XP level 1. HP: 12/12 MP: 2/2
     2 | D        | Noticed Ijyb
     5 | D        | Paralysed by Ijyb for 2 turns
    11 | D        | Killed Ijyb
    12 | D        | Reached skill level 8 in Stealth
    12 | D        | Reached XP level 2. HP: 16/16 MP: 3/3
    54 | D        | Noticed an ogre
    56 | D        | Mangled by an ogre
    59 | D        | Killed an ogre
    60 | D        | Reached skill level 12 in Stealth
    60 | D        | Reached XP level 3. HP: 20/20 MP: 4/4
    60 | D        | Reached XP level 4. HP: 24/24 MP: 5/5
   294 | D        | Noticed Sigmund
   296 | D        | Killed Sigmund
   296 | D        | Reached ** piety under Trog
   297 | D        | Reached skill level 17 in Stealth
   297 | D        | Reached XP level 5. HP: 28/28 MP: 6/6
   308 | D        | Found a shimmering blue altar of Sif Muna.
   309 | D        | Found an ornate altar of the Wu Jian Council.
   310 | D        | Found a radiant altar of Vehumet.
   310 | D        | Identified the ring "Ludwoch" {Fire Fly Int+4 Dex-4 Slay+4}
   320 | D        | Splashed by a jelly's acid
   671 | D        | Noticed Sonja
   688 | D        | Slain by Sonja

Illustrated notes

Levels and vault maps discovered:
D:        dungeon_sprint_1 [red_sonja_temple_1, red_sonja_temple_small_1]

Skill      XL: |  1  2  3  4 |
---------------+-------------+-----
Stealth        | 8 12 17 | 17.0
Fighting       | |  3.0
Dodging        | |  4.0
Unarmed Combat | |  3.0

Action                     |  1- 3 |  4- 6 || total
---------------------------+-------+-------++-------
  Melee: Unarmed           |     9 |     5 ||    14
         Bite              |     1 |       ||     1
         Punch             |       |     1 ||     1
 Invoke: Berserk           |     2 |     2 ||     4
         Trog's Hand       |       |     2 ||     2
    Use: Potion            |       |     1 ||     1
   Stab: Sleeping          |     1 |     1 ||     2
 Armour: Skin              |     2 |    11 ||    13
  Dodge: Dodged            |     4 |     2 ||     6

Table legend: (Time is in decaauts)
 A = Elapsed time spent in this place.
 B = Non-inter-level travel time spent in this place.
 C = Inter-level travel time spent in this place.
 D = Time resting spent in this place.
 E = Time spent auto-exploring this place.
 F = Levels seen in this place.
 G = Mean time per level.
                   A        B        C        D        E       F      G
               +--------+--------+--------+--------+--------+-----+--------+
         Total |    717 |    717 |      0 |    626 |      0 |   1 |  717.0 |
       Dungeon |    717 |    717 |      0 |    626 |      0 |   1 |  717.0 |
               +--------+--------+--------+--------+--------+-----+--------+

Top non-repeatable levels by time:
       D: 717 daAuts
